 Dungeon Crawl Stone Soup version 0.28.0-53-g5a82cb258f (webtiles) character file.

Game seed: 14595240364371019426

30 mortz the Conjurer (level 3, 0/19 HPs)
             Began as a Kobold Conjurer on Aug 18, 2022.
             Was a Follower of Makhleb.
             Slain by a worm (8 damage)
             ... on level 2 of the Dungeon.
             The game lasted 00:03:27 (934 turns).

mortz the Conjurer (Kobold Conjurer)                 Turns: 934, Time: 00:03:28

Health: 0/19       AC:  2    Str:  4    XL:     3   Next: 35%
Magic:  3/6        EV: 14    Int: 21    God:    Makhleb [*.....]
Gold:   29         SH:  0    Dex: 13    Spells: 5/6 levels left

rFire   . . .      SeeInvis .   c - +0 short sword {short}
rCold   . . .      Faith    .   (no shield)
rNeg    . . .      Spirit   .   a - +0 robe
rPois   .          Reflect  .   (no helmet)
rElec   .          Harm     .   (no cloak)
rCorr   .          Rampage  .   (no gloves)
Will    .....                   (no boots)
Stlth   +++.......              (no amulet)
HPRegen 0.06/turn               (no ring)
MPRegen 0.10/turn               (no ring)

@: no status effects
A: small, no large weapons, nightstalker 3
a: Renounce Religion


You were on level 2 of the Dungeon.
You worshipped Makhleb.
Makhleb was aware of your devotion.
You visited 1 branch of the dungeon, and saw 2 of its levels.

You collected 29 gold pieces.


Innate Abilities, Weirdness & Mutations

You are small and have problems with some larger weapons.
You are completely attuned to the shadows.


   Skills:
 + Level 0.1 Short Blades
 + Level 2.4 Dodging
 + Level 3.6 Stealth
 + Level 2.4 Spellcasting
 + Level 4.5 Conjurations


You had 5 spell levels left.
You knew the following spells:

 Your Spells              Type           Power      Damage    Failure   Level
a - Magic Dart            Conj           84%        1d7       2%          1

Your spell library contained the following spells:

 Spells                   Type           Power      Damage    Failure   Level
 Searing Ray              Conj           42%        2d6       3%          2
 Dazzling Flash           Conj/Hex       24%        N/A       17%         3
 Fulminant Prism          Conj/Hex       6%         3d7       50%         4
 Iskenderun's Mystic Bla  Conj/Tloc      12%        2d5       50%         4

Inventory:

Hand Weapons
 b - a +0 dagger {short}
   (You found it on level 1 of the Dungeon)
 c - a +0 short sword (weapon) {short}
   (You took it off a kobold on level 2 of the Dungeon)
Missiles
 e - 22 stones {throwing}
Armour
 a - a +0 robe (worn)
Scrolls
 d - a scroll of identify {@r1}
Potions
 f - a potion of curing {@q1}

Dungeon Overview and Level Annotations

Branches:
Dungeon (2/15)

Altars:
Makhleb

### #######.#
###.#### #...@w..#
#.......
#.#####.######.#..###
#.# #.........# #.#
##+#'####....#
#.####....†.##....#
#....#..(...<#....#
#....#......####..###
#....+...............
#....#......###.#.###


You could see a worm.


Message History

You kill the quokka!
Makhleb accepts your kill. 😎 MP[-1]
You lost 1 mp, and now have 4/5 mp.
You can't see any susceptible monsters within range! (Use Z to cast anyway.)
You see here a quokka corpse.
There is a stone staircase leading down here.
You open the door.
There is an open door here.
You open the door.
There is an open door here.
An endoplasm comes into view. 😎 MP[+1]
Your mp is fully restored (5).
The helpless endoplasm fails to defend itself.
You puncture the endoplasm!
You kill the endoplasm!
Makhleb accepts your kill.
There is an open door here.
You see here a +0 club {mace}.
There is a stone staircase leading down here.
Partly explored, can't reach some places.
There is a stone staircase leading down here.
As you read the scroll labelled LEITIZOFIE, it crumbles to dust.
The air around you briefly surges with heat, but it dissipates.
It was a scroll of immolation.
As you read the scroll labelled TUNUFI SISE, it crumbles to dust.
It is a scroll of identify.
f - a potion of curing Unknown command.
You climb downwards.
There is a stone staircase leading up here.
The helpless adder fails to defend itself.
You puncture the adder! The adder completely misses you.
The adder barely misses you.
The magic dart hits the adder.
You kill the adder!
Makhleb accepts your kill.
You have reached level 3!
Your experience leads to an increase in your attributes!
Increase (S)trength, (I)ntelligence, or (D)exterity?
You feel clever. x2 😎 HP[+4] MP[-1]
You now have 19 max hp (+4).
Your hp is fully restored (19).
The helpless kobold fails to defend itself.
You puncture the kobold!
You kill the kobold!
Makhleb accepts your kill.
Things that are here:
a +0 short sword {short}; 4 stones {throwing}
c - a +0 short sword {short}
c - a +0 short sword (weapon)
{short} You open the door.
There is an open door here.
d - a scroll of identify {@r1} 😎 MP[+2]
Your mp is fully restored (6).
A bat comes into view.
Found a stone staircase leading down.
The bat closely misses you. The bat completely misses you.
The magic dart hits the bat.
You kill the bat!
Makhleb accepts your kill. 😎 MP[-1]
You lost 1 mp, and now have 5/6 mp.
A bat comes into view. 😎 MP[+1]
Your mp is fully restored (6).
The helpless bat fails to defend itself.
You hit the bat.
You kill the bat!
Makhleb accepts your kill.
There is a stone staircase leading down here.
There is a stone staircase leading down here.
A worm comes into view.
The magic dart hits the worm but does no damage. 😎 MP[-1]
You lost 1 mp, and now have 5/6 mp.
The magic dart hits the worm.
The worm bites you. 😕 HP[-3] MP[-1]
You take 3 damage, and now have 16/19 hp.
You lost 1 mp, and now have 4/6 mp.
The magic dart hits the worm. 😕 MP[-1]
You lost 1 mp, and now have 3/6 mp.
The magic dart hits the worm.
The worm bites you!
* * * LOW HITPOINT WARNING * * *
😨 HP[-9] MP[-1]
You take 9 damage, and now have 7/19 hp.
MASSIVE DAMAGE!! (PAUSE)
You lost 1 mp, and now have 2/6 mp.
You barely miss the worm. The worm closely misses you. 😨 HP[+1]
You hit the worm but do no damage. You barely miss the worm.
The worm barely misses you.
You hit the worm but do no damage. The worm barely misses you.
You hit the worm. 😨 MP[+1]
You barely miss the worm. The worm bites you!
You die...

Skill      XL: |  1  2 |
---------------+-------+-----
Stealth        | 3 |  3.6
Short Blades   | |  0.1
Dodging        | |  2.4
Spellcasting   | |  2.4
Conjurations   | |  4.5

Action                   || total
-------------------------++-------
Melee: Dagger            ||    15
       Short sword       ||     7
 Cast: Magic Dart        ||    15
  Use: Scroll            ||     2
 Stab: Sleeping          ||    16
Dodge: Dodged            ||    13

Levels and vault maps discovered:
D:1:      grunt_arrival_lava_bath, layout_basic, ebering_ecumenical_altar_rust,
          minmay_misc_feat_enclosed, minmay_distorted
D:2:      layout_basic, hangedman_decor_push, grunt_decor_one_mirror,
          bh_walls_and_bars, uniq_robin

Notes
Turn   | Place    | Note
-------+----------+-------------------------------------------
     0 | D:1      | mortz the Kobold Conjurer began the quest for the Orb.
     0 | D:1      | Reached XP level 1. HP: 10/10 MP: 3/3
     0 | D:1      | magus.rc [v1.9.6]
   118 | D:1      | Found a faded altar of an unknown god.
   123 | D:1      | Prayed at the altar of an unknown god.
   123 | D:1      | Became a worshipper of Makhleb the Destroyer
   123 | D:1      | Reached * piety under Makhleb
   190 | D:1      | Reached XP level 2. HP: 15/15 MP: 5/5
   356 | D:1      | Reached skill level 3 in Stealth
   749 | D:2      | Reached XP level 3. HP: 19/19 MP: 4/6
   934 | D:2      | Slain by a worm

Vanquished Creatures
  An adder (D:2)
  An endoplasm (D:1)
  A giant cockroach (D:1)
  A goblin (D:1)
  A hobgoblin (D:1)
  2 jackals (D:1)
  2 quokkas (D:1)
  A ball python (D:1)
  3 bats
  3 frilled lizards (D:1)
  3 kobolds
  2 rats (D:1)
21 creatures vanquished.

Table legend:
 A = Non-vault XP
 B = Vault XP
 C = Vault XP percentage of total XP
 D = Non-vault monster count
 E = Vault monster count
 F = Vault count percentage of total count
                 A         B        C        D         E       F
            +---------+---------+-------+---------+---------+-------
      Total |      39 |       4 |   9.3 |      18 |       3 |  14.3
            +---------+---------+-------+---------+---------+-------
        D:1 |      21 |       4 |  16.0 |      14 |       3 |  17.6
        D:2 |      18 |       0 |   0.0 |       4 |       0 |   0.0
            +---------+---------+-------+---------+---------+-------

Illustrated notes

Table legend:
 A = Kills in this place as a percentage of kills in entire the game.
 B = Kills by you in this place as a percentage of kills by you in the entire game.
 C = Kills by friends in this place as a percentage of kills by friends in the entire game.
 D = Other kills in this place as a percentage of other kills in the entire game.
 E = Experience gained in this place as a percentage of experience gained in the entire game.
 F = Experience gained in this place divided by the number of levels of this place that you have seen.
                   A       B       C       D       E      F
               +-------+-------+-------+-------+-------+----------------------
         Total | 100.0 | 100.0 |   N/A |   N/A | 100.0 |  21.5
       Dungeon | 100.0 | 100.0 |   N/A |   N/A | 100.0 |  21.5
               +-------+-------+-------+-------+-------+----------------------

Table legend: (Time is in decaauts)
 A = Elapsed time spent in this place.
 B = Non-inter-level travel time spent in this place.
 C = Inter-level travel time spent in this place.
 D = Time resting spent in this place.
 E = Time spent auto-exploring this place.
 F = Levels seen in this place.
 G = Mean time per level.
                   A        B        C        D        E       F      G
               +--------+--------+--------+--------+--------+-----+--------+
         Total |    933 |    933 |      0 |      0 |    813 |   2 |  466.5 |
       Dungeon |    933 |    933 |      0 |      0 |    813 |   2 |  466.5 |
               +--------+--------+--------+--------+--------+-----+--------+

Top non-repeatable levels by time:
     D:1: 744 daAuts
     D:2: 188 daAuts
